Unix NetHack Version 5.0.0-0 post-release - last build May  4 2026 22:22:43 (774f63e81ad911689b3a0859ea89b322d5daca8d,branch:main).

Game began 2026-05-05 19:51:42, ended 2026-05-05 21:07:14.

DaveT, lawful male human Priest

                                 ----
                                 |..----------
                                 |.....^.....|
                                 |^-----.....|
                                --.|   |.....|
                                |..----|...).|
                                |...^.<|...(.|
                                |---------.---
                                |.[--->---..|
                                |.*q........|
                                |..`.----...|
                                |....|  |...|
                                ------  -----

DaveT the Adept              St:15 Dx:11 Co:18 In:9 Wi:18 Ch:11  Lawful
Dlvl:7  $:2426 HP:0(76) Pw:138(138) AC:-9 Xp:9 T:14566  Burdened

Latest messages:
 You miss the jackal.
 The jackal misses!
 You kill the jackal!
 There is a jackal corpse here; eat it? [ynq] (n) y
 This jackal corpse is stringy.
 You stop eating the jackal corpse.
 There is a partly eaten jackal corpse here; eat it? [ynq] (n) y
 You resume your meal.
 You finish eating the jackal corpse.
 The mumak butts!
 The mumak misses!
 You miss the mumak.
 You miss the mumak.
 The mumak butts!
 The mumak misses!
 You hit the mumak.
 You hit the mumak.
 The mumak butts!
 The mumak bites!
 The mumak misses!
 The mumak bites!
 You miss the mumak.
 The mumak misses!
 The mumak misses!
 You miss the mumak.
 The mumak misses!
 The mumak misses!
 You hit the mumak.
 The mumak misses!
 The mumak bites!
 The mumak misses!
 The mumak misses!
 What do you want to wield? [- ahntQW or ?*] a
 a - a blessed +4 mace (weapon in right hand).
 The mumak misses!
 The mumak bites!
 You hit the mumak!
 The mumak misses!
 The mumak bites!
 You hit the mumak!
 The mumak misses!
 The mumak misses!
 The mumak misses!
 The mumak bites!
 Are you sure you want to pray? [yn] (n) y
 You begin praying to Lugh.
 The mumak butts!
 You die...
 Do you want your possessions identified? [ynq] (y) y
 Do you want to see your attributes? [ynq] (y) q

Inventory:
 Coins    ('$')
  $ - 2426 gold pieces
 Amulets  ('"')
  G - an amulet of unchanging (being worn)
 Weapons  (')')
  h - 10 blessed +2 darts
  n - 12 +0 darts
  t - a +0 aklys
  a - a blessed +4 mace (weapon in right hand)
 Armor    ('[')
  g - a blessed +1 orcish helm (being worn)
  L - a +0 pair of leather gloves (being worn)
  O - a +3 pair of water walking boots (being worn)
  o - a blessed rusty +0 large shield (being worn)
  M - a +0 mummy wrapping
  b - a blessed +1 robe (being worn)
  p - a blessed +2 banded mail (being worn)
 Comestibles  ('%')
  e - 2 cloves of garlic
  I - a food ration
  H - a fortune cookie
  f - a sprig of wolfsbane
  Z - a lizard corpse
 Scrolls  ('?')
  N - 9 blessed scrolls of blank paper
  R - a scroll of confuse monster
  U - 2 scrolls of earth
  X - a scroll of gold detection
  q - a scroll of remove curse
 Spellbooks  ('+')
  m - a spellbook of restore ability
  Y - a spellbook of sleep
  u - a spellbook of teleport away
 Potions  ('!')
  r - a potion of booze
  i - a potion of fruit juice
  P - 2 potions of gain energy
  d - a cursed potion of gain level
  j - a potion of hallucination
  E - 2 potions of healing
  x - a potion of restore ability
  T - a potion of water
 Rings    ('=')
  c - a ring of see invisible
 Wands    ('/')
  v - a wand of cold (0:7)
  k - a wand of digging (0:7)
  A - a wand of magic missile (0:0)
  K - a cursed wand of magic missile (0:3)
  S - a wand of make invisible (0:4)
  C - a wand of nothing (0:6)
 Tools    ('(')
  F - a blindfold
  V - a credit card
  s - an oil lamp
  Q - a +0 pick-axe
  y - a partly used tallow candle
  D - a tallow candle
  W - a blessed +0 unicorn horn
  z - a blessed partly used wax candle

DaveT the Priest's attributes:

Background:
 You were an Adept, a level 9 human Priest.
 You were lawful, on a mission for Lugh
 who was opposed by Brigit (neutral) and Manannan Mac Lir (chaotic).
 You were right-handed.
 You were in Sokoban, on level 7.
 You entered the dungeon 14566 turns ago.
 You had 4896 experience points, 224 more were needed to attain level 10.

Basics:
 You had 0 out of 76 hit points.
 You had all 138 energy points (spell power).
 Your armor class was -9.
 Your wallet contained 2426 zorkmids.
 Autopickup was off.

Final Characteristics:
 Your strength was 15 (limit:18/100).
 Your dexterity was 11 (limit:18).
 Your constitution was 18 (limit:18).
 Your intelligence was 9 (limit:18).
 Your wisdom was 18 (limit:18).
 Your charisma was 11 (limit:18).

Final Status:
 You weren't hungry.
 You were burdened; movement was slightly slowed.
 You were wielding a mace.
 You had expert skill with mace.

Final Attributes:
 You were piously aligned.
 You were poison resistant.
 You were telepathic.
 You were invisible.
 You could walk on water.
 You were guarded.
 Your spell casting was impaired by metallic armor, mitigated by your robe.
 You couldn't change from your current form.
 You were unlucky.
 You are dead.

Miscellaneous:
 You didn't encounter any bones levels.
 Total elapsed playing time was 1 hour, 15 minutes and 11 seconds.

Major events:
 Turn
    1: DaveT the lawful human Priest entered the dungeon
  629: attained the rank of Acolyte (level 3)
 1074: entered the Gnomish Mines
 2194: attained the rank of Adept (level 6)
 2367: performed his first genocide (rust monsters)
 5998: reached Mine Town
13756: entered Sokoban
14566: killed by a mumak, while praying

Spells:
 Name                 Level Category     Fail Retention
 light                  1   clerical     100%   21%-30%
 detect food            2   divination   100%   26%-50%
 sleep                  3   enchantment  100%   51%-75%
 restore ability        4   healing      100%  76%-100%
 teleport away          6   escape       100%  76%-100%

Skills:
 Fighting Skills
   bare handed combat [Unskilled]
 Weapon Skills
   club               [Unskilled]
   mace               [Expert]
   morning star       [Unskilled]
   flail              [Unskilled]
   hammer             [Unskilled]
   quarterstaff       [Unskilled]
   polearms           [Unskilled]
   spear              [Unskilled]
   trident            [Unskilled]
   lance              [Unskilled]
   bow                [Unskilled]
   sling              [Unskilled]
   crossbow           [Unskilled]
   dart               [Unskilled]
   shuriken           [Unskilled]
   boomerang          [Unskilled]
   unicorn horn       [Unskilled]
 Spellcasting Skills
   healing spells     [Unskilled]
   divination spells  [Unskilled]
   clerical spells    [Basic]

Voluntary challenges:
 Character rerolling was not enabled.
 You genocided 1 type of monster.
 You never polymorphed an object.
 You never changed form.
 You used no wishes.
 You violated the special Sokoban rules once.
Achievements:
 You attained the rank of Acolyte.
 You entered the Gnomish Mines.
 You entered a shop.
 You attained the rank of Adept.
 You entered Minetown.
 You entered Sokoban.

 The Dungeons of Doom: levels 1 to 9
    Level 1:
       An altar to Lugh, a fountain.
    Level 2:
       A fountain, a sink.
    Level 3: "vault"
       A wand shop, a fountain.
       Stairs down to The Gnomish Mines.
    Level 4: "vault"
       A general store, an altar, some fountains.
    Level 5:
       A fountain.
    Level 6:
    Level 7:
       Many fountains.
    Level 8:
       A sink.
       Stairs up to Sokoban, level 7.
    Level 9:
 The Gnomish Mines: levels 4 to 8
    Level 4:
    Level 5:
    Level 6:
    Level 7:
       Some shops, an altar, some fountains.
    Level 8:
 Sokoban:
    Level 7: <- You were here.
       Unsolved.
       Final resting place for
          you, killed by a mumak, while praying.


Vanquished creatures:
  a ghost
  a giant zombie
  a warg
  3 small mimics
  2 trolls
  a tiger
  a chameleon
  a quivering blob
  a cockatrice
  3 wolves
  a gremlin
  a leprechaun
  2 iron piercers
  a giant spider
 an ice vortex
  a black light
  2 gnome rulers
  2 werewolves
  3 lizards
  a dingo
  2 dogs
  a housecat
  2 jaguars
  2 blue jellies
  a gray unicorn
  2 dust vortices
  2 ravens
  a gnome mummy
  a snake
 13 apes
  3 rope golems
  8 bugbears
  3 imps
  a wood nymph
 25 Uruk-hai
  2 orc shamans
  4 rock moles
  a pony
  2 fog clouds
  4 yellow lights
  a violet fungus
  8 gnome leaders
  2 gnomish wizards
  2 kobold mummies
  a gray ooze
 an elf zombie
  a straw golem
  3 paper golems
  a baby crocodile
  3 giant ants
  3 little dogs
  5 floating eyes
  2 kittens
  3 dwarves
  2 homunculi
  2 kobold leaders
  5 hill orcs
  8 rothes
  a centipede
  a giant bat
  9 dwarf zombies
  2 wererats
  a werejackal
 10 iguanas
 14 killer bees
 an acid blob
  4 coyotes
  a hobbit
 11 hobgoblins
 12 giant rats
  3 cave spiders
  a brown mold
  a yellow mold
  a green mold
 40 gnomes
  a gnome zombie
  7 geckos
 15 jackals
  a fox
  4 kobolds
  5 goblins
  5 sewer rats
  3 grid bugs
 10 lichens
  a kobold zombie
  6 newts
334 creatures vanquished.

Genocided species:
 rust monsters
1 species genocided.

Game over:
                       ----------
                      /          \
                     /    REST    \
                    /      IN      \
                   /     PEACE      \
                  /                  \
                  |      DaveT       |
                  |     2426 Au      |
                  |   killed by a    |
                  |      mumak       |
                  |                  |
                  |                  |
                  |       2026       |
                 *|     *  *  *      | *
        _________)/\\_//(\/(/\)/\//\/|_)_______

Goodbye DaveT the Priest...

You died in Sokoban on dungeon level 7 with 22218 points,
and 2426 pieces of gold, after 14566 moves.
You were level 9 with a maximum of 76 hit points when you died.

